Cogmind - Beta 9.2 *** ADVENTURER MODE // 2019.12.01 @ 20:00:53 Player: Todd Padre Result: Destroyed by Y-54 Guardian with Gatling Laser Performance ------------- Evolutions (3) 1500 Regions Visited (6) 1200 Robots Destroyed (78) 390 Value Destroyed (2456) 2456 Prototype IDs (9) 180 Alien Tech Used (0) 0 Bonus (-274) -274 TOTAL SCORE: 5452 Bonus ------- High Alert Combat Kills 113 Friendly Fire -387 Cogmind --------- Core Integrity 0/700 Matter 66/300 Energy 62/100 System Corruption 4% Temperature Cool (27) Movement Core (350) Ox6 Location -7/Storage Parts ------- > --- POWER (2) -------- (None) > --- PROPULSION (4) --- (None) > --- UTILITY (4) ------ Large Storage Unit Advanced Terrain Scan Processor > --- WEAPON (3) ------- Lightning Gun > --- INVENTORY (10) --- Flak Cannon Peak State ------------ > --- POWER ------------ Micro Nuclear Core Light Angular Momentum Engine > --- PROPULSION ------- Compact Wheel Compact Wheel Armored Wheel Armored Wheel > --- UTILITY ---------- Improved Heat Shielding Large Storage Unit Advanced Terrain Scan Processor Improved Shield Generator > --- WEAPON ----------- Arc Projector Gauss Rifle Chainsword > --- INVENTORY -------- Nuclear Core Improved Deuterium Engine Lightning Gun Electrolaser Improved EM Pulse Cannon Plasma Cannon Enhanced Autogun Flak Cannon Rocket Launcher Remote Datajack [Rating: 43] Favorites ----------- Power Nuclear Core Engine Light Angular Momentum Engine Power Core Nuclear Core Propulsion Armored Wheel Wheel Armored Wheel Flight Unit Improved Flight Unit Utility Large Storage Unit Device Improved Heat Shielding Storage Large Storage Unit Processor Advanced Terrain Scan Processor Weapon Improved EM Pulse Cannon Energy Gun Beam Rifle Energy Cannon Improved EM Pulse Cannon Ballistic Gun Assault Rifle Launcher Rocket Array Special Weapon Plasma Cutter Slashing Weapon Greatsword Build | -11 -10 -9 -9 -8 -7 -7 ------- Run | Scr Mat Mat Min Mat Fac Sto Slots Evolved 6 | . . 2 . 2 2 . Power 1 | . . . . 1 . . Propulsion 2 | . . 1 . . 1 . Utility 2 | . . . . 1 1 . Weapon 1 | . . 1 . . . . Parts Attached 72 | 5 16 15 5 8 10 13 Power 15 | 1 3 . 2 4 4 1 Engine 8 | 1 2 . 2 1 2 . Core 7 | . 1 . . 3 2 1 Reactor . | . . . . . . . Propulsion 18 | 2 4 8 . 1 1 2 Treads . | . . . . . . . Leg . | . . . . . . . Wheel 15 | 2 4 5 . 1 1 2 Hover . | . . . . . . . Flight 3 | . . 3 . . . . Utility 10 | . 4 . 1 1 2 2 Device 5 | . 1 . . 1 1 2 Storage 3 | . 2 . . . 1 . Processor 2 | . 1 . 1 . . . Hackware . | . . . . . . . Protection . | . . . . . . . Artifact . | . . . . . . . Weapon 29 | 2 5 7 2 2 3 8 Energy Gun 11 | 1 4 4 . . 1 1 Energy Cannon 6 | . 1 1 1 1 . 2 Ballistic Gun 6 | 1 . 1 . 1 1 2 Ballistic Cannon . | . . . . . . . Launcher 2 | . . . . . . 2 Special Weapon 2 | . . 1 . . . 1 Impact Weapon . | . . . . . . . Slashing Weapon 2 | . . . 1 . 1 . Piercing Weapon . | . . . . . . . Special Melee Weapon . | . . . . . . . Unidentified Prototypes 3 | . . 1 . 1 1 . Parts Lost 28 | . 3 3 . . 1 21 Power 4 | . 1 . . . . 3 Propulsion 7 | . . 1 . . . 6 Utility 3 | . . . . . . 3 Weapon 14 | . 2 2 . . 1 9 Highest Loss Streak 18 | . 2 1 . . 1 18 Average Slot Usage (%) 91 | . 98 95 91 89 87 78 Engine 8 | . 9 11 11 6 6 5 Core 5 | . 4 . . 11 7 6 Wheel 27 | . 28 31 33 27 24 18 Device 6 | . 3 . . 9 13 11 Storage 9 | . 13 11 11 9 7 7 Processor 9 | . 9 11 11 9 7 7 Energy Gun 5 | . 8 15 6 . 2 2 Energy Cannon 6 | . 5 6 11 9 5 . Ballistic Gun 4 | . 14 5 . . 2 3 Slashing Weapon 5 | . . . 7 9 6 6 Naked Turns . | . . . . . . . Heaviest Build 56 | 7 26 29 34 45 51 56 Greatest Support 56 | 20 24 40 40 40 56 56 Greatest Overweight (x) 11 | . 1 1 . 1 1 11 Average Overweight (x) . | . . . . . . . Largest Inventory Capacity 10 | 4 10 10 10 10 10 10 Average Capacity 9 | 4 9 10 10 10 10 10 Most Carried 10 | 2 6 9 10 10 10 10 Average Carried 7 | . 3 5 9 9 9 8 Final Capacity 10 | 4 10 10 10 10 10 10 Final Carried 10 | 1 2 9 10 9 9 1 Class Distribution -------------------- 83% | Mutant 7% | Scavenger-Skirmisher 5% | Skirmisher Dominant Class ---------------- Mutant | -10/Materials Skirmisher | -9/Materials Mutant | -9/Mines Mutant | -8/Materials Mutant | -7/Factory Mutant | -7/Storage Resources | -11 -10 -9 -9 -8 -7 -7 ----------- Run | Scr Mat Mat Min Mat Fac Sto Matter Collected 1134 | 265 250 189 50 80 58 242 Remotely . | . . . . . . . Salvage Created 2950 | 31 539 514 171 655 210 830 Parts 152 | 1 28 40 5 27 7 44 Haulers Intercepted 1 | . . . . . . 1 Recyclers Shooed 1 | . 1 . . . . . Parts Field Recycled . | . . . . . . . Retrieved Matter . | . . . . . . . Parts Self-Destructed . | . . . . . . . Prevented . | . . . . . . . Kills | -11 -10 -9 -9 -8 -7 -7 ------- Run | Scr Mat Mat Min Mat Fac Sto Combat Hostiles Destroyed 53 | 1 10 10 2 10 3 17 Melee 10 | . . . 2 4 1 3 Guns 18 | 1 9 8 . . . . Cannons 10 | . 1 2 . 6 1 . AOE 14 | . . . . . . 14 Classes Destroyed 13 | 1 3 2 . 2 . 5 Worker 2 | . . . . . . 2 Builder 4 | . . . . . . 4 Hauler 1 | . . . . . . 1 Recycler 6 | . 2 1 1 . . 2 Operator 3 | . . 1 . 1 . 1 Drone 3 | . . . . . . 3 Watcher 6 | . 1 2 . 2 . 1 Swarmer 7 | . 3 4 . . . . Grunt 28 | 1 7 1 2 3 1 13 Brawler 1 | . . . . . . 1 Duelist 1 | . . . . 1 . . Sentry 15 | . . 5 . 5 2 3 Hunter 1 | . . . . 1 . . Best Kill Streak 11 | 1 4 6 2 3 1 11 Combat Bots Only 6 | 1 4 5 2 3 1 6 Max Kills in Single Turn 4 | 1 2 2 1 1 1 4 Gunslinging 1 | . 1 1 . . . . Exploded 3 | . . . . . . 3 Melee 1 | . . . 1 1 1 1 Uniques/NPCs Destroyed . | . . . . . . . Combat | -11 -10 -9 -9 -8 -7 -7 -------- Run | Scr Mat Mat Min Mat Fac Sto Damage Taken 3623 | 51 487 318 138 219 200 2210 Core 979 | 9 136 65 29 33 30 677 Absorbed by Shields 313 | . . . . . 85 228 Core Remaining (%) 77 | 96 42 . 76 94 . . Volleys Fired 141 | 5 48 25 6 24 9 24 Largest 3 | 2 2 3 1 1 3 2 Hottest 180 | 70 80 180 69 69 152 100 Shots Fired 251 | 10 95 62 6 24 15 39 Gun 165 | 10 79 48 . . 8 20 Cannon 67 | . 16 14 6 24 7 . Launcher 18 | . . . . . . 18 Special 1 | . . . . . . 1 Kinetic 85 | 5 48 18 . . 4 10 Thermal 96 | 5 47 44 . . . . Explosive 18 | . . . . . . 18 Electromagnetic 51 | . . . 6 24 11 10 Robot Hit Streak 27 | 10 25 12 12 27 8 22 Robot Miss Streak 4 | . 3 2 . 2 1 4 Penetration Max . | . . . . . . . Secondary Targets 4 | . 1 3 . . . . Max Gunslinging Chain 1 | . 1 1 . . . . Shots Hit Robots 222 | 10 75 45 8 26 16 42 Core Hits 154 | 2 23 20 4 13 5 87 Critical Hits 5 | . 2 . 1 . 1 1 Critical Kills 1 | . 1 . . . . . Critical Parts Destroyed 4 | . 1 . 1 . 1 1 Melee Attacks 28 | . . . 4 7 6 11 Impact . | . . . . . . . Slashing 28 | . . . 4 7 6 11 Piercing . | . . . . . . . Sneak Attacks 1 | . . . 1 . . . Combat Hostiles . | . . . . . . . Follow-up Attacks . | . . . . . . . Damage Inflicted 6691 | 120 985 539 447 997 525 3078 Guns 1592 | 120 792 376 . . 61 243 Cannons 1308 | . 193 163 122 662 168 . Explosions 2486 | . . . 52 . . 2434 Melee 1304 | . . . 273 335 296 400 Ramming 1 | . . . . . . 1 Kinetic 796 | 58 455 111 . . 43 129 Thermal 1072 | 62 530 428 52 . . . Explosive 2434 | . . . . . . 2434 Electromagnetic 1084 | . . . 122 662 186 114 Impact . | . . . . . . . Slashing 1304 | . . . 273 335 296 400 Piercing . | . . . . . . . Highest Corruption 4 | . . . . . 4 4 Average Corruption 4 | . . . . . 4 4 Corruption Purged . | . . . . . . . Effects 13 | . . . . . 4 9 Message Errors 2 | . . . . . 1 1 Matter Fused 1 | . . . . . . 1 Energy Discharges 5 | . . . . . 2 3 Data Loss (minor) 2 | . . . . . 1 1 Targeting Errors 3 | . . . . . . 3 Overload Shots . | . . . . . . . Overflow Damage 200 | . . . 15 75 46 64 Projectiles 71 | . . . . 71 . . Explosions 64 | . . . . . . 64 Melee 65 | . . . 15 4 46 . Knockbacks . | . . . . . . . Impact . | . . . . . . . Kinetic . | . . . . . . . Secondary . | . . . . . . . Self-Inflicted Damage 233 | . . . 30 . . 203 Shots 12 | . . . 1 . . 11 Rammed 1 | . . . . . . 1 Targets Rammed 1 | . . . . . . 1 Kicked . | . . . . . . . Crushed . | . . . . . . . Highest Temperature 310 | 81 279 310 154 136 140 60 Average Temperature 65 | 44 81 96 77 40 46 16 Received Heat Transfer 1358 | 36 276 111 81 . . 854 Effects 1 | . . 1 . . . . Energy Bleed 1 | . . 1 . . . . Siege Activations . | . . . . . . . Robots Corrupted 2 | . . . . 1 1 . Combat Hostiles 1 | . . . . . 1 . Parts Fried 7 | . . . . 6 1 . Impact Corruptions . | . . . . . . . Robots Melted . | . . . . . . . Combat Hostiles . | . . . . . . . Parts Melted 5 | . 1 4 . . . . Heat Transferred 2692 | 185 1406 1001 100 . . . Parts Sabotaged . | . . . . . . . Parts Stolen . | . . . . . . . Parts Stripped . | . . . . . . . Power Chain Reactions 1 | . . . 1 . . . Missiles Intercepted . | . . . . . . . Alert | -11 -10 -9 -9 -8 -7 -7 ------- Run | Scr Mat Mat Min Mat Fac Sto Peak Influence 598 | 20 185 407 134 277 223 598 Average Influence 142 | 2 85 236 111 139 116 334 Maximum Alert Level 2 | . . 2 . 1 1 2 Low Security (%) 77 | 100 100 29 100 73 86 29 Level 1 17 | . . 61 . 26 13 20 Level 2 4 | . . 8 . . . 49 Level 3 . | . . . . . . . Level 4 . | . . . . . . . Level 5 . | . . . . . . . High Security . | . . . . . . . Max Security . | . . . . . . . Squads Dispatched 15 | . 2 3 1 2 4 3 Investigation 7 | . 2 2 1 2 . . Extermination 1 | . . . . . 1 . Reinforcement 4 | . . 1 . . . 3 Assault . | . . . . . . . Garrison 3 | . . . . . 3 . Intercept . | . . . . . . . Construction Impeded . | . . . . . . . Haulers Reinforced 2 | . . . . . . 2 Stealth | -11 -10 -9 -9 -8 -7 -7 --------- Run | Scr Mat Mat Min Mat Fac Sto Distress Signals 3 | . . . . . . 3 Communications Jammed . | . . . . . . . Distress Signals . | . . . . . . . Times Spotted 84 | 1 13 17 3 17 5 28 Peak Tracking Total 7 | 1 4 6 3 4 2 7 Tactical Retreats 6 | . 1 1 1 2 . 1 Traps | -11 -10 -9 -9 -8 -7 -7 ------- Run | Scr Mat Mat Min Mat Fac Sto Traps Triggered 2 | . 1 . . . 1 . Indirectly . | . . . . . . . Trap Hack Attempts . | . . . . . . . Triggered . | . . . . . . . Disarmed 12 | . 6 6 . . . . Reprogrammed . | . . . . . . . Reused . | . . . . . . . Traps Extracted . | . . . . . . . Installed . | . . . . . . . Triggered . | . . . . . . . Machines | -11 -10 -9 -9 -8 -7 -7 ---------- Run | Scr Mat Mat Min Mat Fac Sto Machines Disabled 7 | . . 1 1 . . 5 Max in Single Turn 2 | . . 1 1 . . 2 Machines Sabotaged . | . . . . . . . Garrisons Compromised . | . . . . . . . Overloaded Fab Kills . | . . . . . . . Fab Network Shutdowns . | . . . . . . . Hacking | -11 -10 -9 -9 -8 -7 -7 --------- Run | Scr Mat Mat Min Mat Fac Sto Machines Accessed 17 | . 7 3 1 6 . . Terminals 13 | . 6 3 . 4 . . Fabricators . | . . . . . . . Repair Stations . | . . . . . . . Recycling Units 2 | . 1 . . 1 . . Scanalyzers 1 | . . . . 1 . . Garrison Access . | . . . . . . . Total Hacks 62 | . 28 11 1 22 . . Successful 50 | . 23 7 1 19 . . Failed 11 | . 5 3 . 3 . . Catastrophic . | . . . . . . . Database Lockouts 1 | . . 1 . . . . Manual 1 | . 1 . . . . . Terminals 50 | . 25 11 . 14 . . Fabricators . | . . . . . . . Repair Stations . | . . . . . . . Recycling Units 4 | . 3 . . 1 . . Scanalyzers 7 | . . . . 7 . . Garrison Access . | . . . . . . . Terminal Hacks 40 | . 20 7 1 12 . . Record 21 | . 8 4 . 9 . . Prototype ID Bank 3 | . 2 . . 1 . . Open Door 1 | . . . 1 . . . Branch Access Points 1 | . 1 . . . . . Emergency Access Points 2 | . 1 . . 1 . . Alert Level 4 | . 3 . . 1 . . Locate Traps 2 | . 1 1 . . . . Disarm Traps 2 | . 1 1 . . . . Dispatch Records 2 | . 1 1 . . . . Maintenance Status 1 | . 1 . . . . . Hauler Manifests 1 | . 1 . . . . . Fabricator Hacks . | . . . . . . . Repair Station Hacks . | . . . . . . . Recycling Unit Hacks 3 | . 3 . . . . . Process 1 | . 1 . . . . . Report Inventory 1 | . 1 . . . . . Retrieve Matter 1 | . 1 . . . . . Scanalyzer 7 | . . . . 7 . . Insert Component 4 | . . . . 4 . . Analyze 3 | . . . . 3 . . Garrison Access Hacks . | . . . . . . . Unauthorized Hacks . | . . . . . . . Terminals . | . . . . . . . Fabricators . | . . . . . . . Repair Stations . | . . . . . . . Recycling Units . | . . . . . . . Scanalyzers . | . . . . . . . Garrison Access . | . . . . . . . Data Cores Recovered 1 | . . . . 1 . . Used . | . . . . . . . Hacking Detections 14 | . 6 3 . 5 . . Full Trace Events 6 | . 2 2 . 2 . . Feedback Events . | . . . . . . . Feedback Blocked . | . . . . . . . Robot Schematics Acquired . | . . . . . . . Robots Built . | . . . . . . . Matter . | . . . . . . . Time . | . . . . . . . Total Robot Build Rating . | . . . . . . . Part Schematics Acquired 3 | . . . . 3 . . Parts Built . | . . . . . . . Matter . | . . . . . . . Time . | . . . . . . . Total Part Build Rating . | . . . . . . . Parts Repaired . | . . . . . . . Time . | . . . . . . . Parts Recycled . | . . . . . . . Recycled Matter 208 | . 208 . . . . . Retrieved Matter 208 | . 208 . . . . . Retrieved Components . | . . . . . . . Parts Scanalyzed 3 | . . . . 3 . . Part Schematics Acquired 3 | . . . . 3 . . Parts Damaged 1 | . . . . 1 . . Bothacking | -11 -10 -9 -9 -8 -7 -7 ------------ Run | Scr Mat Mat Min Mat Fac Sto Used RIF Installer . | . . . . . . . Robots Hacked 1 | . . . . . . 1 Non-combat . | . . . . . . . Combat 1 | . . . . . . 1 Robot Hacks Applied 1 | . . . . . . 1 parse_system 1 | . . . . . . 1 Relay Couplers Released . | . . . . . . . Robots Rewired . | . . . . . . . Allies Hacked . | . . . . . . . Hacks Repelled . | . . . . . . . Allies | -11 -10 -9 -9 -8 -7 -7 -------- Run | Scr Mat Mat Min Mat Fac Sto Total Allies . | . . . . . . . Largest Group . | . . . . . . . Highest-Rated Group . | . . . . . . . Highest-Rated Ally . | . . . . . . . Total Orders . | . . . . . . . Ally Attacks . | . . . . . . . Total Damage . | . . . . . . . Kills . | . . . . . . . Allies Corrupted . | . . . . . . . Allies Melted . | . . . . . . . Intel | -11 -10 -9 -9 -8 -7 -7 ------- Run | Scr Mat Mat Min Mat Fac Sto Robot Analysis Total . | . . . . . . . Derelict Logs Recovered 2 | . . . 2 . . . Drone Launches 4 | . . . . . . 4 Drone Recoveries . | . . . . . . . Exploration | -11 -10 -9 -9 -8 -7 -7 ------------- Run | Scr Mat Mat Min Mat Fac Sto Turns Passed 3091 | 77 606 340 535 724 566 243 Spaces Moved 2361 | 71 439 225 524 545 459 98 Core 22 | 18 . . . . . 4 Treads . | . . . . . . . Legs . | . . . . . . . Wheels 2339 | 53 439 225 524 545 459 94 Hover . | . . . . . . . Flight . | . . . . . . . Fastest Speed 50 | 50 80 90 93 93 95 95 Average Speed 96 | 72 92 91 93 102 100 114 Slowest Speed 600 | 80 100 100 93 103 103 600 Overloaded Moves . | . . . . . . . Propulsion Burnouts . | . . . . . . . Robots Hopped . | . . . . . . . Cave-ins Triggered . | . . . . . . . Exploration Rate (%) 38 | 5 54 28 85 45 12 41 Regions Visited 6 Branch Regions 2 Pre-discovered Areas 1 | . . . 1 . . . Known Exits Taken 1 | . . . . 1 . . Unknown Exits Taken 5 | 1 1 1 1 . 1 . Scrap Searched 1 | . . . 1 . . . Spaces Dug . | . . . . . . . Terrain Destroyed 334 | . . . 6 . . 328 Melee . | . . . . . . . Projectile . | . . . . . . . AOE 334 | . . . 6 . . 328 Actions | -11 -10 -9 -9 -8 -7 -7 --------- Run | Scr Mat Mat Min Mat Fac Sto Total 2855 | 86 542 303 561 672 537 154 Wait 147 | . 17 17 3 69 40 1 Move 2355 | 70 438 224 523 544 458 98 Hop . | . . . . . . . Pick Up 70 | 6 15 17 10 10 8 4 Fast Attach 1 | . . . . . 1 . Attach 34 | 5 6 5 1 2 4 11 Detach . | . . . . . . . Swap 37 | . 10 10 4 6 5 2 Drop 40 | . 8 5 10 10 6 1 Fire 141 | 5 48 25 6 24 9 24 Melee 28 | . . . 4 7 6 11 Ram 1 | . . . . . . 1 Kick . | . . . . . . . Crush . | . . . . . . . Escape Stasis . | . . . . . . . Rewire . | . . . . . . . Trap . | . . . . . . . Miscellaneous 1 | . . . . . . 1 Route ------- -11/Scrapyard -10/Materials (discovered 3 exits: *Mat x2 / Min) -9/Materials (discovered 2 exits: *Min x2) -9/Mines (discovered 2 exits: *Mat x2) -8/Materials (discovered 2 exits: *Fac x2) -7/Factory -7/Storage History --------- Turn | Location | Event 2 | -11/Scrapyard | Met Revision 17 50 | -11/Scrapyard | Discovered new exit (range 8) 78 | -11/Scrapyard | Entered Materials 290 | -10/Materials | Discovered new exit (range 15) 306 | -10/Materials | Build established: Mutant 313 | -10/Materials | Identified exit to Mines 516 | -10/Materials | Discovered new exit (range 13) 620 | -10/Materials | Core integrity fell below 50% 684 | -10/Materials | Entered another Materials area 684 | -9/Materials | Evolved 2 slots: Propulsion x1, Weapon x1 847 | -9/Materials | Discovered new exit (range 12) 1008 | -9/Materials | Discovered new exit (range 12) 1009 | -9/Materials | Central database locked down 1024 | -9/Materials | Entered Mines 1034 | -9/Mines | Discovered new exit (range 8) 1083 | -9/Mines | Learned location of Storage (-7) 1090 | -9/Mines | Discovered new exit (range 5) 1105 | -9/Mines | Learned location of 1 exit from Materials 1108 | -9/Mines | Found a hidden stash of uninstalled traps 1154 | -9/Mines | Met a Derelict shopkeep closing up shop 1155 | -9/Mines | Received a Rocket Launcher from a helpful Derelict 1559 | -9/Mines | Entered Materials 1559 | -8/Materials | Evolved 2 slots: Power x1, Utility x1 1560 | -8/Materials | Identified exit to Factory 2137 | -8/Materials | Discovered exit to Factory (range 4) 2283 | -8/Materials | Entered Factory 2283 | -7/Factory | Evolved 2 slots: Propulsion x1, Utility x1 2407 | -7/Factory | Garrison activated, responded to threat 2597 | -7/Factory | Discovered new exit (range 12) 2849 | -7/Factory | Entered Storage 2858 | -7/Storage | Found Rocket Array 2967 | -7/Storage | Lost 3 parts (2n1w) 3067 | -7/Storage | Core integrity fell below 50% 3085 | -7/Storage | Core integrity fell below 20% 3092 | -7/Storage | Destroyed by Y-54 Guardian with Gatling Laser Last Messages --------------- System corrupted: Remote Datajack targeting data glitched. Jacked G-47 Trooper... >>parse_system Reading system data... The unstable cave ceiling collapses. Imp. EM Pulse Cannon destroyed. Plasma Cannon destroyed. The unstable cave ceiling collapses. Acquired 13 matter. Remote Datajack destroyed. M-28 Smith fits Backup Laser III on G-47 Trooper. M-28 Smith fits Backup Power III on G-47 Trooper. Acquired 40 matter. K-01 Serf collects debris. M-28 Smith fits Backup Propulsion III on G-47 Trooper. The unstable cave ceiling collapses. Imp. Heat Sink crushed. The unstable cave ceiling collapses. M-28 Smith fits Backup Propulsion III on G-47 Trooper. K-01 Serf collects debris. Map ----- +----------------------------------------------------+ | ??????????????????? # # ### # ####### | | ?????????????????? # ## | | ???????????????????# | | ?????????????????? | | ?????????????????? # # # ####### | | ??????????????????? """ # ##????? | | ??????????????????????"" # ## ###??? | | ??????????????????????"" T # ## #### | | ?????????????????????? ### ## ### ! # | | ????????????????????? #?# # ##! ! # | | ?????????????????????+## ??# # ! # | | ????????????????????? ?####???# ### ! ! | | ????????????????????? ??????## # # "# | | ?????????????????"?""" ??????# # = # | | ????????????????"" """ ??????### # ## # | | ???????????????""" """ ??????# # | | ???????????????? ??????# | | ??????????????? [ ??????# | | ?????????????? ? ###???# ## ####### | | ??????????????#""T""## # ###?## # #/## # | | ??????????????#"""""# # # #### k # | | ????????????### # # # # # ##? | | ????????????# g gm g # #? | | ????????????# g "" #? | | ????????????# = ! [ Y" #? | | ????????????# #@# "##? | | ????????????# Y # ###### #?? | | ????????????# #"" ##???# #?? | | ????????????# ??#" # #????# # #?? | | ??????????????? #" ##????#### #?? | | ??????????????? #####???????? #? | | ?????????????? """ ????????????" ? | | ????????????? #""" #????????????" | | ????????????# #""" #????????????T ! | | ????????????# ??? ?????????????? ! | | ????????????# ????"" ?????????????? = = ?? | | ????????????#??????" ?????????????? *????? | | ???????????????????" ! ?????????????? ??????? | | ??????????????????? ???????????????????????? | | ???????????????????####???????????????????????? | | ??????????????????????????????????????????????? | | ??????????????????????????????????????????????? | | ??????????????????????????????????????????????? | | ??????????????????????????????????????????????? | | ??????????????????????????????????????????????? | | ??????????????????????????????????????????????? | | ??????????????????????????????????????????????? | | ??????????????????????????????????????????????? | | ??????????????????????????????????????????????? | | ??????????????????????????????????????????????? | +----------------------------------------------------+ Best States ------------- Heat Dissipation 35 Energy Generation 28 Energy Capacity 380 Matter Stores 300 Matter Capacity 300 Sight Range 18 Terrain Scan Density 210 Heat Shielding 100 Resistance: KI 20 Resistance: TH 20 Resistance: EX 20 Resistance: EM 20 Resistance: I 20 Resistance: S 20 Resistance: P 20 Evasion (%) 50 Item Schematics ----------------- Imp. Heat Sink | -8/Materials | Scanalyzed Rocket Launcher | -8/Materials | Scanalyzed Arc Projector | -8/Materials | Scanalyzed Robot Schematics ------------------ None Fabricated ------------ Nothing Alien Tech Used ----------------- None Achievements -------------- Backstab Power Corrupts Challenges ------------ None Game ------ Seed FlakFocalSpear Manual? 0 Play Time 01:06:17 Cumulative 4.1 hours Start 2019.12.01 @ 18:31:51 End 2019.12.01 @ 20:00:53 Sessions 1 Manual Loads 0 Difficulty Adventurer Special Mode None Game No. 2 Rogue 0 Adventurer 2 Explorer 0 Win Type - Total 0 Types 0/0/0/0/0/0/0 Lore% 3 Gallery% 9 Achievement% 7 Wizard Run 0 Options --------- ASCII 0 Keyboard 0 Movement Mouse Keybinds 0 Fullscreen 1 Font 18/X11Bold Map View 76x50 Tactical HUD 0 Map Filters NONE Filters NONE Steam 1 RUN: 544dd029-cf4b-4c1a-8fa8-8a81b9d33446